 Dungeon Crawl Stone Soup version 0.22-a0-414-gacd343e (webtiles) character file.

20722 Kairos the Cleaver (level 12, -5/94 HPs)
             Began as a Demonspawn Gladiator on May 12, 2018.
             Was a High Priest of Okawaru.
             Slain by Rupert
             ... wielding a +1 great mace of protection
              (28 damage)
             ... on level 3 of the Lair of Beasts on May 13, 2018.
             The game lasted 00:24:29 (13233 turns).

Kairos the Cleaver (Demonspawn Gladiator)          Turns: 13233, Time: 00:24:30

Health: -5/94      AC: 21    Str: 19    XL:     12   Next: 47%
Magic:  7/13       EV: 17    Int: 13    God:    Okawaru [*****.]
Gold:   373        SH: 13    Dex: 15    Spells: 11/11 levels left

rFire    . . .     SeeInvis .   P - +1 eveningstar (crush)
rCold    . . .     Gourm    .   J - +1 shield {reflect}
rNeg     . . .     Faith    +   B - +2 ring mail {rPois}
rPois    +         Spirit   .   b - +1 hat {Int+3}
rElec    .         Reflect  +   s - +0 cloak
rCorr    .         Harm     .   K - +2 pair of gloves {archery}
MR       +....                  (no boots)
Stlth    +++++.....             Q - amulet of faith
HPRegen  0.25/turn              l - ring of protection from magic
MPRegen  0.13/turn              k - ring of stealth

@: about to teleport, heroism, finesse
A: antennae 2, iridescent scales 3, demonic guardian 1
a: Heroism, Finesse, Renounce Religion


You were on level 3 of the Lair of Beasts.
You worshipped Okawaru.
Okawaru was extremely pleased with you.
You were not hungry.

You visited 3 branches of the dungeon, and saw 13 of its levels.

You collected 687 gold pieces.
You spent 314 gold pieces at shops.

Inventory:

Hand Weapons
 a - a +5 war axe
 t - a +3 quarterstaff of chaos
 u - a +0 morningstar
 I - a +2 scimitar of flaming
 P - a +1 eveningstar of crushing (weapon)
 R - a +0 broad axe of chopping
Missiles
 d - 3 throwing nets (quivered)
 A - 2 tomahawks of returning
 C - 5 tomahawks
 S - 2 poisoned javelins
Armour
 b - a +1 hat of intelligence (worn)
 s - a +0 cloak (worn)
 B - a +2 ring mail of poison resistance (worn)
 J - a +1 shield of reflection (worn)
 K - a +2 pair of gloves of archery (worn)
 L - a +1 shield of protection
 O - a +0 scale mail of magic resistance
Jewellery
 k - a ring of stealth (right hand)
 l - a ring of protection from magic (left hand)
 p - an uncursed amulet of the gourmand
 Q - an amulet of faith (around neck)
Wands
 j - a wand of paralysis (5)
 y - a wand of flame (17)
 U - a wand of polymorph (14)
 V - a wand of iceblast (8)
Scrolls
 c - a scroll of vulnerability {unknown}
 i - 2 scrolls of remove curse
 n - 4 scrolls of blinking
 q - a scroll of magic mapping
 r - 7 scrolls of teleportation
 v - 4 scrolls of amnesia
 E - 2 scrolls of fear
 M - a scroll of silence
 N - a scroll of fog {unknown}
 T - a scroll of identify
Potions
 e - 4 potions of curing
 g - a potion of agility
 h - 7 potions of heal wounds
 m - a potion of invisibility
 o - 2 potions of might
 w - 3 potions of lignification
 x - a potion of ambrosia {unknown}
 z - a potion of cancellation {unknown}
 D - 4 potions of magic {unknown}
 F - 2 potions of degeneration {unknown}
 G - 2 potions of haste
 H - 2 potions of flight {unknown}
Comestibles
 f - 21 rations


   Skills:
 + Level 8.3(13.3) Fighting
 + Level 12.9(18.0) Axes
 + Level 2.4(13.9) Maces & Flails
 + Level 1.9(6.9) Throwing
 + Level 6.2(11.2) Armour
 + Level 6.3(11.3) Dodging
 + Level 5.4(10.4) Stealth
 + Level 6.1(11.1) Shields
 + Level 2.6 Invocations


You had 11 spell levels left.
You didn't know any spells.
Your spell library contained the following spells:

 Spells                   Type           Power        Failure   Level  Hunger
 Apportation              Tloc           #.....       61%         1    ##.....
 Confuse                  Hex            #.......     93%         3    ####...
 Invisibility             Hex            #.......     100%        6    #######
 Tukima's Dance           Hex            #.......     93%         3    ####...
 Confusing Touch          Hex            #.....       61%         1    ##.....
 Metabolic Englaciation   Hex/Ice        #.........   100%        5    ######.
 Summon Butterflies       Summ           #.......     61%         1    ##.....
 Alistair's Intoxication  Tmut/Pois      #.......     100%        5    ######.
 Petrify                  Tmut/Erth      #.......     100%        4    #####..
 Gell's Gravitas          Tloc           #.........   93%         3    ####...
 Yara's Violent Unravell  Hex/Tmut       #.........   100%        5    ######.
 Lesser Beckoning         Tloc           #.........   93%         3    ####...


Dungeon Overview and Level Annotations

Branches:
Dungeon (9/15)             Temple (1/1) D:7            Lair (3/6) D:9
    Orc (0/2) D:9
  Swamp: Lair:2-4    Shoals: Lair:2-4     Snake: Lair:2-4    Spider: Lair:2-4

Altars:
Ashenzari
Cheibriados
Dithmenos
Elyvilon
Fedhas
Gozag
Hepliaklqana
Kikubaaqudgha
Makhleb
Nemelex Xobeh
Okawaru
Qazlal
Ru
Sif Muna
Trog
Uskayaw
Vehumet
Wu Jian
Xom
Yredelemnul
Zin
The Shining One

Shops:
D:6 [

Annotations:
D:6 1 runed door
Lair:3 Rupert


Innate Abilities, Weirdness & Mutations

You have a pair of antennae on your head.
You are completely covered in iridescent scales. (AC +6)
A weak demonic guardian rushes to your aid.


Message History

Rupert hits you but does no damage.
You hit Rupert but do no damage.
Rupert is heavily wounded.
Your shadow imp completely misses Rupert.
You hit Rupert.
Rupert is heavily wounded.
You thump Rupert!
Rupert is severely wounded.
Rupert hits you with a great mace of protection!!
* * * LOW HITPOINT WARNING * * *
You hit Rupert.
Rupert is severely wounded.
Your shadow imp hits Rupert but does no damage.
You hit Rupert but do no damage.
Rupert is severely wounded.
You block Rupert's attack.
As you read the scroll of teleportation, it crumbles to dust.
You feel strangely unstable.
Rupert hits you with a great mace of protection!!
You die...

##.## #...# ##..# ##
#...##.## ##....#.###
##......#.P#
####..........## #
##........@.....# ##
#........@.5....P .#
#................ .#
##..........P.... .##
#.........PP.P... ..#
##.........PP...#
..###
##........#######
..÷.####P......###
.##....#.÷.....####
####...÷.#......#.###


You could see Rupert (berserk) and a friendly shadow imp.

Vanquished Creatures
  Gastronok (Lair:1)
  Harold (Lair:2)
  2 hydras
  A two-headed ogre (D:8)
  Erica (Lair:1)
  A queen ant (Lair:2)
  Sonja (Lair:1)
  A manticore (D:9)
  4 elephants (Lair:3)
  A black mamba (Lair:1)
  Maurice (D:9)
  2 spiny frogs (Lair:2)
  A rime drake (Lair:2)
  2 komodo dragons
  12 blink frogs
  Prince Ribbit (D:8)
  15 yaks
  3 hogs (D:7)
  Grum (Lair:1)
  A human (D:7)
  6 soldier ants
  2 hell hounds (D:9)
  3 water moccasins
  A porcupine (Lair:2)
  An orc warrior (D:7)
  3 ice beasts
  4 ogres
  A necrophage (D:7)
  A phantom (D:4)
  6 wolves (Lair:1)
  4 centaurs
  3 crocodiles (Lair:1)
  3 big kobolds
  2 bullfrogs
  A wyvern skeleton (D:3)
  4 scorpions
  8 killer bees
  A howler monkey (D:9)
  2 crimson imps
  2 orc priests
  A bullfrog skeleton (D:8)
  3 hounds
  4 iguanas
  Crazy Yiuf (D:2)
  5 orc wizards
  21 worker ants
  A killer bee zombie (D:5)
  Robin (D:2)
  A howler monkey skeleton (D:7)
  4 gnolls (D:8)
  13 adders
  2 shadow imps
  A white imp (D:9)
  2 oozes
  An adder zombie (D:5)
  An adder skeleton (D:5)
  2 worms
  2 dart slugs
  7 leopard geckos
  26 orcs
  2 ball pythons
  11 giant cockroaches
  9 hobgoblins
  3 jackals (D:8)
  28 kobolds
  3 quokkas
  10 bats
  A frilled lizard (D:4)
  A giant cockroach zombie (D:5)
  12 goblins
  2 goblin skeletons (D:9)
  2 hobgoblin zombies (D:9)
  A jackal skeleton (D:5)
  A kobold zombie (D:9)
  An orc skeleton (D:9)
  5 rats
  A fungus (Lair:3)
  A plant (Lair:2)
304 creatures vanquished.

Vanquished Creatures (collateral kills)
  A spiny frog (Lair:2)
  A blink frog (Lair:2)
  A hippogriff (Lair:2)
  A basilisk (Lair:1)
  2 yaks
  A water moccasin (Lair:1)
  A crocodile (Lair:2)
  A killer bee (D:7)
9 creatures vanquished.

Grand Total: 313 creatures vanquished

Notes
Turn   | Place    | Note
-------+----------+-------------------------------------------
     0 | D:1      | Kairos the Demonspawn Gladiator began the quest for the Orb.
     0 | D:1      | Reached XP level 1. HP: 16/16 MP: 1/1
   131 | D:1      | Reached skill level 3 in Axes
   131 | D:1      | Gained mutation: You are partially covered in iridescent scales. (AC +2) [demonic ancestry]
   131 | D:1      | Reached XP level 2. HP: 18/22 MP: 2/2
   310 | D:1      | Gained mutation: You are mostly covered in iridescent scales. (AC +4) [demonic ancestry]
   310 | D:1      | Reached XP level 3. HP: 27/27 MP: 3/3
   966 | D:2      | Noticed Robin
   981 | D:2      | Reached XP level 4. HP: 30/33 MP: 4/4
   982 | D:2      | Killed Robin
   982 | D:2      | Reached skill level 4 in Axes
  1090 | D:2      | Found a runed door.
  1399 | D:2      | Found a blossoming altar of Fedhas.
  1879 | D:2      | Noticed Crazy Yiuf
  1888 | D:2      | Killed Crazy Yiuf
  1888 | D:2      | Reached XP level 5. HP: 11/40 MP: 5/5
  2361 | D:3      | Reached skill level 1 in Armour
  2886 | D:4      | Found a radiant altar of Vehumet.
  2969 | D:4      | Reached XP level 6. HP: 42/47 MP: 6/6
  3012 | D:4      | Found an opulent altar of Gozag.
  3161 | D:4      | Reached skill level 5 in Axes
  3314 | D:4      | Found a glowing silver altar of Zin.
  3434 | D:4      | Reached XP level 7. HP: 32/52 MP: 7/7
  3588 | D:5      | Entered Level 5 of the Dungeon
  3656 | D:5      | Reached skill level 6 in Axes
  3968 | D:5      | Reached skill level 7 in Axes
  4004 | D:5      | Gained mutation: You have a pair of small antennae on your head. [demonic ancestry]
  4004 | D:5      | Reached XP level 8. HP: 52/60 MP: 8/8
  4319 | D:5      | Found a basalt altar of Yredelemnul.
  4326 | D:5      | Found a hazy altar of Hepliaklqana.
  4326 | D:5      | Found a stormy altar of Qazlal.
  4326 | D:5      | Found a bloodstained altar of Trog.
  4327 | D:5      | Found a shimmering altar of Xom.
  4331 | D:5      | Found a snail-covered altar of Cheibriados.
  4408 | D:5      | Found a sparkling altar of Nemelex Xobeh.
  4545 | D:6      | Found a runed door.
  4597 | D:6      | Found Moneaf's Antique Armour Emporium.
  4979 | D:6      | Found a runed door.
  5168 | D:6      | Reached skill level 8 in Axes
  5346 | D:6      | Bought a pair of glowing gloves for 157 gold pieces
  5346 | D:6      | Bought a runed shield for 157 gold pieces
  5431 | D:7      | Gained mutation: A weak demonic guardian rushes to your aid. [demonic ancestry]
  5431 | D:7      | Reached XP level 9. HP: 37/66 MP: 9/9
  5683 | D:7      | Reached skill level 1 in Shields
  5758 | D:7      | Reached skill level 9 in Axes
  5758 | D:7      | Reached skill level 5 in Dodging
  5822 | D:7      | Found a staircase to the Ecumenical Temple.
  5851 | Temple   | Entered the Ecumenical Temple
  6083 | Temple   | Became a worshipper of Warmaster Okawaru
  6174 | D:7      | Reached skill level 5 in Fighting
  6193 | D:7      | Reached * piety under Okawaru
  6587 | D:8      | Noticed Prince Ribbit
  6610 | D:8      | Killed Prince Ribbit
  6610 | D:8      | Reached skill level 1 in Stealth
  6738 | D:8      | Reached skill level 10 in Axes
  6788 | D:8      | Reached ** piety under Okawaru
  6808 | D:8      | Noticed a two-headed ogre
  6817 | D:8      | Killed a two-headed ogre
  6817 | D:8      | Gained mutation: You have a pair of antennae on your head. [demonic ancestry]
  6817 | D:8      | Reached XP level 10. HP: 54/74 MP: 10/10
  7218 | D:8      | Noticed a dagger
  7218 | D:8      | Noticed a hand axe
  7229 | D:8      | Found a hide-covered altar of Uskayaw.
  7473 | D:9      | Found a staircase to the Orcish Mines.
  7512 | D:9      | Noticed a manticore
  7528 | D:9      | Killed a manticore
  7528 | D:9      | Reached *** piety under Okawaru
  7937 | D:9      | Found a glowing golden altar of the Shining One.
  8004 | D:9      | Found a staircase to the Lair.
  8251 | D:9      | Noticed Maurice
  8272 | D:9      | Killed Maurice
  8383 | Lair:1   | Entered Level 1 of the Lair of Beasts
  8383 | Lair:1   | Noticed a black mamba
  8405 | Lair:1   | Killed a black mamba
  8405 | Lair:1   | Reached skill level 5 in Armour
  8832 | Lair:1   | Noticed Grum
  8849 | Lair:1   | Reached skill level 11 in Axes
  8867 | Lair:1   | Reached **** piety under Okawaru
  8869 | Lair:1   | Killed Grum
  9645 | Lair:1   | Noticed a four-headed hydra
  9652 | Lair:1   | Noticed Gastronok
  9656 | Lair:1   | Killed a four-headed hydra
  9656 | Lair:1   | Reached ***** piety under Okawaru
  9656 | Lair:1   | Gained mutation: You are completely covered in iridescent scales. (AC +6) [demonic ancestry]
  9656 | Lair:1   | Reached XP level 11. HP: 55/83 MP: 8/11
  9685 | Lair:1   | Killed Gastronok
  9685 | Lair:1   | Reached skill level 1 in Maces & Flails
  9685 | Lair:1   | Reached skill level 1 in Invocations
 10577 | Lair:1   | Noticed Erica
 10596 | Lair:1   | Killed Erica
 10682 | Lair:1   | Noticed Sonja
 10699 | Lair:1   | Killed Sonja
 10699 | Lair:1   | Received a gift from Okawaru
 11612 | Lair:2   | Reached skill level 5 in Shields
 11633 | Lair:2   | Reached skill level 12 in Axes
 11790 | Lair:2   | Noticed a queen ant
 11808 | Lair:2   | Killed a queen ant
 11871 | Lair:2   | Noticed Harold
 11888 | Lair:2   | Killed Harold
 11888 | Lair:2   | Reached skill level 5 in Stealth
 11888 | Lair:2   | Reached XP level 12. HP: 48/92 MP: 11/13
 12050 | Lair:2   | Received a gift from Okawaru
 12399 | Lair:2   | Received a gift from Okawaru
 12687 | Lair:2   | Upgraded the game from 0.22-a0-412-g2b68d14 to 0.22-a0-414-gacd343e
 12697 | Lair:3   | Noticed a six-headed hydra
 12708 | Lair:3   | Killed a six-headed hydra
 13019 | Lair:3   | Noticed Rupert
 13233 | Lair:3   | Slain by Rupert

Vault maps used:
D:1:      ncdulo_lavacross
D:2:      fedhas_altar_3, first_ration, kennysheep_another_room,
          serial_bayou_ford_a, hex_medium, minmay_tetromino_i2,
          uniq_crazy_yiuf_cottage, uniq_robin
D:3:      serial_glass, glass_columns_a, glass_columns_a, glass_columns_b,
          glass_columns_a, glass_columns_b, glass_columns_a, glass_columns_c,
          glass_columns_a, glass_columns_b, glass_columns_a
D:4:      cheibrodos_thug_alley, grunt_gozag_breadcrumbs, vehumet_altar_wand_db,
          zin_treasury, minmay_misc_feat_enclosed
D:5:      lemuel_coloured_pillars_altar, minitemple,
          corexii_item_surrounded_by_moat, hangedman_abyss_or_decor_passed
D:6:      lemuel_insect_pit, serial_shops, shop
D:7:      minmay_temple_entry_overgrown, grunt_livestock
D:8:      dancing_weapons_uskayaw, uniq_prince_ribbit1
D:9:      minmay_lair_entry_lava, orc_0_dummy, nicolae_tso_besieged_by_evil,
          uniq_maurice
Temple:   dpeg_chambers_temple
Lair:1:   cheibrodos_lair_reptile_den, grunt_megastairs_5, uniq_sonja,
          uniq_gastronok, uniq_erica, uniq_grum
Lair:2:   minmay_another_anthill, grunt_megastairs_2, uniq_harold
Lair:3:   spider_nest_entry_web_field, st_stairs_11, uniq_rupert

Skill      XL: |  1  2  3  4  5  6  7  8  9 10 11 12 |
---------------+-------------------------------------+-----
Axes           | 3 4 5 7 8 10 11 12 | 12.9
Dodging        | 3 4 5 6 |  6.3
Armour         | 1 2 3 4 5 6 |  6.2
Fighting       | 3 4 5 6 7 8 |  8.3
Shields        | 2 4 5 6 |  6.1
Stealth        | 2 3 5 |  5.4
Maces & Flails | 2 |  2.4
Invocations    | 1 2 |  2.6
Throwing       | |  1.9

Action                   |  1- 3 |  4- 6 |  7- 9 | 10-12 || total
-------------------------+-------+-------+-------+-------++-------
Melee: War axe           |   107 |   220 |   356 |   400 ||  1083
       Morningstar       |       |       |       |     5 ||     5
       Eveningstar       |       |       |       |    16 ||    16
       Broad axe         |       |       |       |    73 ||    73
Throw: Throwing net      |       |       |       |     1 ||     1
Invok: Heroism           |       |       |       |    15 ||    15
       Finesse           |       |       |       |     1 ||     1
Evoke: Wand              |       |       |     1 |       ||     1
  Use: Scroll            |       |     2 |    13 |     7 ||    22
       Potion            |       |       |     1 |     2 ||     3
 Stab: Sleeping          |       |       |     5 |     7 ||    12
       Distracted        |       |       |       |     4 ||     4
       Held in net/web   |       |       |       |     2 ||     2
  Eat: Chunk             |       |     5 |    12 |    10 ||    27
       Ration            |       |     1 |       |     3 ||     4
Armor: Leather armour    |    21 |       |       |       ||    21
       Ring mail         |    39 |   100 |   176 |   160 ||   475
       Skin              |       |       |     7 |       ||     7
Dodge: Dodged            |    87 |   138 |   245 |   196 ||   666
Block: Shield            |       |       |    94 |   275 ||   369
       Reflection        |       |       |       |     1 ||     1

Table legend:
 A = Spawn XP
 B = Non-spawn XP
 C = Spawn XP percentage of total XP
 D = Spawn monster count
 E = Non-spawn monster count
 F = Spawn count percentage of total count
 G = Total turns spent on level
                    A         B        C        D         E        F      G
               +---------+---------+-------+---------+---------+-------+---------
         Total |       0 |   29604 |   0.0 |       0 |     311 |   0.0 | 13233
               +---------+---------+-------+---------+---------+-------+---------
           D:1 |       0 |      55 |   0.0 |       0 |      29 |   0.0 |   606
           D:2 |       0 |     145 |   0.0 |       0 |      25 |   0.0 |  1482
           D:3 |       0 |     115 |   0.0 |       0 |      19 |   0.0 |   768
           D:4 |       0 |     443 |   0.0 |       0 |      27 |   0.0 |   774
           D:5 |       0 |    1097 |   0.0 |       0 |      28 |   0.0 |   816
           D:6 |       0 |     549 |   0.0 |       0 |      18 |   0.0 |   964
           D:7 |       0 |    2138 |   0.0 |       0 |      34 |   0.0 |   861
           D:8 |       0 |    1745 |   0.0 |       0 |      26 |   0.0 |   855
           D:9 |       0 |    1579 |   0.0 |       0 |      19 |   0.0 |   996
        Lair:1 |       0 |    8118 |   0.0 |       0 |      25 |   0.0 |  2909
        Lair:2 |       0 |    9728 |   0.0 |       0 |      51 |   0.0 |  1405
        Lair:3 |       0 |    3892 |   0.0 |       0 |      10 |   0.0 |   536
               +---------+---------+-------+---------+---------+-------+---------
